 Dungeon Crawl Stone Soup version 0.31-a0-263-ge8cad7f256 (console) character file.

Game seed: 6576500346989887621

1634 petzl the Firebug (level 9, -16/29 (64) HPs)
             Began as a Formicid Delver on July 13, 2023.
             Was an Initiate of Vehumet.
             Demolished by Maggie
             ... wielding a +2 heavy halberd
              (21 damage)
             ... on level 6 of the Dungeon.
             The game lasted 00:31:50 (7012 turns).

petzl the Firebug (Formicid Delver)                 Turns: 7012, Time: 00:31:51

HP:   -16/29 (64)   AC:  6    Str: 16    XL:     9   Next: 18%
MP:   15/17         EV: 11    Int: 15    God:    Vehumet [......]
Gold: 200           SH:  0    Dex: 15    Spells: 13/18 levels left

rFire   . . .        b - +2 whip (elec)
rCold   + . .        (no shield)
rNeg    . . .        e - +1 ring mail {rC+}
rPois   +            (helmet unavailable)
rElec   .            (no cloak)
rCorr   .            (no gloves)
SInv    +            (no boots)
Will    .....        (no amulet)
Stlth   +++          r - ring of poison resistance
HPRegen 0.24/turn    (no ring)
MPRegen 0.15/turn

%: no passive effects
@: extremely drained
A: permanent stasis, dig shafts and tunnels, antennae 3, four strong arms
a: Dig, Shaft Self, Renounce Religion


You were on level 6 of the Dungeon.
You worshipped Vehumet.
Vehumet was noncommittal.
You visited 2 branches of the dungeon, and saw 8 of its levels.

You collected 200 gold pieces.

Inventory:

Hand Weapons
 a - a +2 heavy sling
 b - a +2 whip of electrocution (weapon)
 g - a +0 quarterstaff
 p - a +1 heavy dire flail
 w - a +0 whip of flaming
 y - a +1 hand axe of draining {!f =f}
Missiles
 A - a throwing net
 C - 3 poisoned darts
Armour
 e - a +1 ring mail of cold resistance (worn)
 B - a +0 leather armour
Magical Staves
 n - a staff of death
Jewellery
 r - a ring of poison resistance (left hand)
Talismans
 s - a beast talisman
Wands
 f - a wand of digging (1)
 m - a wand of polymorph (12)
 q - a wand of quicksilver (6)
 x - a wand of iceblast (1)
Scrolls
 c - a scroll of fog
 d - a scroll of revelation
 i - a scroll of vulnerability
 o - a scroll of fear
 v - a scroll of identify
 z - a scroll of immolation
Potions
 h - a potion of curing
 j - 5 potions of brilliance
 k - a potion of berserk rage {unknown}
 t - a potion of haste {unknown}
 u - a potion of degeneration {unknown}


   Skills:
 - Level 3.2 Fighting
 - Level 2.0 Maces & Flails
 + Level 2.8 Ranged Weapons
 - Level 1.7 Dodging
 - Level 6.0 Stealth
 + Level 5.3 Spellcasting
 + Level 4.7 Conjurations
 - Level 3.0 Necromancy
 * Level 6.2 Fire Magic


You had 13 spell levels left.
You knew the following spells:

 Your Spells              Type           Power      Damage    Failure   Level
a - Kiss of Death         Conj/Necr      60%        2d10      6%          1
c - Flame Wave            Conj/Fire      20%        2d7       32%         4

Your spell library contained the following spells:

 Spells                   Type           Power      Damage    Failure   Level
 Scorch                   Fire           44%        2d7       3%          2
 Confusing Touch          Hex            4%         N/A       65%         3
 Summon Guardian Golem    Hex/Summ       4%         N/A       65%         3
 Dispel Undead            Necr           13%        3d9       65%         4
 Manifold Assault         Tloc           4%         N/A       96%         4
 Dispersal                Tloc           2%         N/A       100%        6
 Summon Cactus Giant      Summ           2%         N/A       100%        6
 Orb of Destruction       Conj           9%         9d6       100%        7
 Spellforged Servitor     Conj/Summ      5%         N/A       100%        7
 Disjunction              Tloc           2%         N/A       100%        8


Dungeon Overview and Level Annotations

Branches:
Dungeon (7/15)             Temple (1/1) D:6

Altars:
Ashenzari
Cheibriados
Dithmenos
Elyvilon
Hepliaklqana
Kikubaaqudgha
Makhleb
Nemelex Xobeh
Okawaru
Qazlal
Ru
Sif Muna
Trog
Uskayaw
Vehumet
Xom
Yredelemnul
Zin
The Shining One

Shops:
D:4 *

Annotations:
D:2 exclusion: downstairs
D:4 exclusion: downstairs
D:5 exclusion: downstairs
D:6 Maggie


Innate Abilities, Weirdness & Mutations

You cannot be hasted, slowed, berserked, paralysed or teleported.
You can dig through walls and to a lower floor.
You have a pair of large antennae on your head. (SInv)
Your four strong arms can wield two-handed weapons with a shield.


Message History

Maggie is heavily wounded.
Aiming: Quicksilver Bolt
Press: ? - help, Shift-Dir - straight line, f/p - Maggie
Aim: Maggie, wielding a +2 heavy halberd and wearing +0 acid dragon scales (heavily wounded, 71% to hit)
The bolt of dispelling energy hits Maggie!
Maggie is severely wounded.
Maggie hits you with a +2 heavy halberd!
Casting: Kiss of Death (safe; 6% risk of failure)
Confirm with . or Enter, or press ? or * to list all spells.
Aiming: Kiss of Death (safe; 6% risk of failure)
Press: ? - help, Shift-Dir - straight line, f/p - Maggie
Aim: Maggie, wielding a +2 heavy halberd and wearing +0 acid dragon scales (severely wounded, 100% to hit)
The negative energy hits Maggie!
Maggie is drained!
Maggie is almost dead.
You feel drained.
Maggie practices a pose.
Maggie hits you with a +2 heavy halberd!
You hit Maggie but do no damage.
Maggie is almost dead.
You hit Maggie but do no damage.
Maggie is almost dead.
Maggie casts a spell.
Maggie attempts to bespell you! You resist with almost no effort.
You hit Maggie but do no damage.
Maggie is almost dead.
Maggie hits you with a +2 heavy halberd!!
Ouch! That really hurt!
* * * LOW HITPOINT WARNING * * *
Casting: Kiss of Death (safe; 6% risk of failure)
Confirm with . or Enter, or press ? or * to list all spells.
Aiming: Kiss of Death (safe; 6% risk of failure)
Press: ? - help, Shift-Dir - straight line, f/p - Maggie
Aim: Maggie, wielding a +2 heavy halberd and wearing +0 acid dragon scales (almost dead, lightly drained, 100% to hit)
The negative energy hits Maggie but does no damage.
Maggie is drained!
Maggie is almost dead.
You feel drained.
Maggie hits you with a +2 heavy halberd!!
Ouch! That really hurt!
You die...

##.####.##
#...# #.#
###...###.#
#.......#.#####
#..............
#.......##.###.
#.#...### .#
#.######.#...#
.# {
#........##.##
.#
#####.......#
.# #..###### .#
#..# #..# #))#
#.># #..# #..#
{ #####..#
#..@@..#
#.####...... #.
#.##.## #. #.#
# #. #.# #. .#
#. .. ##


You could see Maggie (very drained).

Vanquished Creatures
  2 water moccasins (D:6)
  Edmund (D:5)
  A black bear (D:6)
  2 ice beasts
  A kobold brigand (D:6)
  3 scorpions
  A gnoll sergeant (D:6)
  3 howler monkeys
  A sleepcap (D:6)
  4 hounds
  A jelly (D:4)
  A gnoll bouda (D:4)
  An orc priest (D:2)
  An iguana (D:4)
  An orc wizard (D:3)
  15 gnolls
  9 adders
  An ufetubus (D:5)
  6 worms
  A dart slug (D:3)
  12 orcs
  2 bats
  2 endoplasms (D:1)
  8 giant cockroaches
  4 goblins
  5 hobgoblins
  3 jackals (D:5)
  4 quokkas
  9 ball pythons
  2 frilled lizards (D:2)
  11 kobolds
  5 rats
123 creatures vanquished.

Notes
Turn   | Place    | Note
-------+----------+-------------------------------------------
     0 | D:5      | petzl the Formicid Delver began the quest for the Orb.
     0 | D:5      | Reached XP level 1. HP: 18/18 MP: 1/1
     1 | D:6      | Noticed a scorpion
    59 | D:5      | Reached skill level 1 in Spellcasting
   102 | D:6      | Noticed a howler monkey
   114 | D:5      | Learned a level 1 spell: Kiss of Death
   260 | D:4      | Noticed a hound
   351 | D:2      | Reached XP level 2. HP: 20/20 MP: 3/3
   498 | D:1      | Reached XP level 3. HP: 28/29 MP: 5/5
   829 | D:1      | Reached skill level 1 in Necromancy
  1402 | D:2      | Reached skill level 1 in Conjurations
  1456 | D:2      | Reached XP level 4. HP: 24/35 MP: 7/7
  2224 | D:2      | Reached XP level 5. HP: 37/38 MP: 8/8
  2841 | D:4      | Learned a level 4 spell: Flame Wave
  3238 | D:3      | Reached XP level 6. HP: 37/40 MP: 10/10
  3392 | D:3      | Reached skill level 1 in Fire Magic
  3658 | D:4      | Found Duile's Fire Supplies.
  4267 | D:4      | Reached XP level 7. HP: 45/52 MP: 12/12
  5673 | D:5      | Identified the +0 ring mail of the Hidden Vale {rF+ Dex+5}
  5775 | D:5      | Reached XP level 8. HP: 42/46 MP: 11/14
  6224 | D:6      | Noticed Maggie
  6375 | D:6      | Found a staircase to the Ecumenical Temple.
  6381 | Temple   | Entered the Ecumenical Temple
  6381 | Temple   | Found a transporter.
  6381 | Temple   | Found a transporter.
  6383 | Temple   | Found a transporter.
  6383 | Temple   | Found a transporter.
  6412 | Temple   | Became a worshipper of Vehumet
  6468 | D:6      | Noticed Edmund
  6486 | D:6      | Reached skill level 1 in Ranged Weapons
  6499 | D:5      | Killed Edmund
  6500 | D:5      | Reached skill level 5 in Fire Magic
  6761 | D:6      | Reached skill level 5 in Spellcasting
  6803 | D:6      | Reached XP level 9. HP: 50/64 MP: 16/16
  7012 | D:6      | Demolished by Maggie

Illustrated notes

Levels and vault maps discovered:
D:1:      beargit_arrival_diablo_church, layout_basic, chequers_mini_garden,
          kennysheep_decorative_pillar
D:2:      layout_basic
D:3:      layout_rooms, gup_sewer_entry_pipe
D:4:      layout_basic, dreamdust_mushroom_princess, nicolae_shop_fire_sale
          [nicolae_sub_dead_trees]
D:5:      layout_gridville
D:6:      layout_loops_ring, minmay_temple_entry_fiery, guppyfry_shop_venom,
          uniq_edmund, uniq_maggie
D:7:      layout_loops_cross, mainiacjoe_overflow_surrounded_room,
          nicolae_wu_jian_immortal_techniques, serial_demonic, serial_demonic_c,
          serial_demonic_g, serial_demonic_e, serial_demonic_a,
          nicolae_houndstooth_variations, uniq_menkaure, uniq_crazy_yiuf_cottage
Temple:   hellmonk_temple_divided_pantheon

Skill      XL: |  1  2  3  4  5  6  7  8  9 |
---------------+----------------------------+-----
Spellcasting   | 1 2 3 4 5 |  5.3
Necromancy     | 1 2 3 |  3.0
Conjurations   | 1 2 3 4 |  4.7
Fire Magic     | 2 4 5 6 |  6.2
Ranged Weapons | 2 |  2.8
Fighting       | |  3.2
Maces & Flails | |  2.0
Dodging        | |  1.7
Stealth        | |  6.0

Action                     |  1- 3 |  4- 6 |  7- 9 || total
---------------------------+-------+-------+-------++-------
  Melee: Mace              |    30 |       |       ||    30
         Whip              |    36 |   207 |   155 ||   398
         Punch             |       |     2 |     3 ||     5
   Fire: Sling             |       |       |    29 ||    29
  Throw: Stone             |       |    23 |    16 ||    39
   Cast: Kiss of Death     |     1 |     3 |     8 ||    12
Ability: Dig               |     1 |     1 |       ||     2
  Evoke: Wand              |     2 |       |    11 ||    13
    Use: Scroll            |     1 |     6 |     3 ||    10
         Potion            |       |     2 |     2 ||     4
   Stab: Sleeping          |     3 |     7 |     1 ||    11
         Paralysed         |       |       |    10 ||    10
         Distracted        |       |       |     1 ||     1
 Armour: Leather armour    |    14 |    19 |       ||    33
         Ring mail         |       |    33 |    36 ||    69
  Dodge: Dodged            |    47 |   132 |   107 ||   286

Table legend: (Time is in decaauts)
 A = Elapsed time spent in this place.
 B = Non-inter-level travel time spent in this place.
 C = Inter-level travel time spent in this place.
 D = Time resting spent in this place.
 E = Time spent auto-exploring this place.
 F = Levels seen in this place.
 G = Mean time per level.
                   A        B        C        D        E       F      G
               +--------+--------+--------+--------+--------+-----+--------+
         Total |   7081 |   6481 |    600 |   1513 |   2627 |   8 |  885.1 |
       Dungeon |   7032 |   6446 |    586 |   1513 |   2625 |   7 | 1004.6 |
        Temple |     49 |     35 |     14 |      0 |      2 |   1 |   49.0 |
               +--------+--------+--------+--------+--------+-----+--------+

Top non-repeatable levels by time:
     D:4: 1790 daAuts
     D:5: 1249 daAuts
     D:3: 1226 daAuts
     D:2: 1082 daAuts
     D:1: 933 daAuts
     D:6: 745 daAuts
  Temple: 49 daAuts
     D:7: 4 daAuts
